Map: Incorporeal LE

Players

DTNDolan (Dolan)

  • Race: Terran Terran
  • League: Master
  • Spawn Location: 11:00

acheron - Winner!

  • Race: Protoss Protoss
  • League: Master
  • Spawn Location: 5:00

VOD

Have the link to the VOD?

Description

Time

  • Played on: June 24, 2025, 9:28 p.m.
  • Length: 10:31
Show
View Real Time Build Order
Export as new Build Order

DTNDolan Terran 

Build Orders: 1/1/1, Liberator Opening 

Get SALT Encoding   

  12  0:00  SCV  
  13  0:12  SCV  
  14  0:17  Supply Depot  
  14  0:24  SCV  
  15  0:38  Barracks, SCV  
  16  0:43  Refinery  
  16  0:50  SCV  
  16  0:54  Refinery  
  17  1:02  SCV  
  18  1:11  Engineering Bay  
  18  1:15  SCV  
  19  1:27  Orbital Command  
  19  1:31  Marine  
  20  1:44  Factory  
  20  1:51  Barracks Reactor  
  20  1:53  SCV  
  21  2:01  Supply Depot  
  21  2:06  SCV  
  22  2:18  SCV  
  23  2:23  Supply Depot  
  23  2:28  Starport  
  23  2:33  SCV  
  24  2:38  Hellion  
  24  2:39  Hellion  
  28  2:55  Command Center  
  28  3:00  Hellion  
  28  3:01  Hellion  
  32  3:07  Medivac  
  32  3:10  Barracks Tech Lab  
  32  3:12  SCV  
  35  3:24  SCV  
  36  3:33  Barracks  
  36  3:34  Supply Depot  
  36  3:36  SCV, Factory Tech Lab  
  37  3:54  Stimpack  
  37  3:56  Liberator, Marine  
  35  4:22  Orbital Command, SCV  
  35  4:23  Siege Tank  
  35  4:24  Marine x3  
  38  4:31  Barracks  
  38  4:34  SCV  
  39  4:42  Bunker  
  39  4:44  Orbital Command, Marine  
  39  4:45  Marine x2  
  42  4:50  SCV  
  43  4:55  Siege Tank  
  46  5:03  Marine  
  46  5:04  Marine x2  
  48  5:13  SCV  
  48  5:14  SCV  
  50  5:19  Barracks Reactor  
  49  5:24  Marine x3  
  49  5:25  SCV  
  49  5:26  SCV  
  49  5:27  Medivac  
  56  5:31  Siege Tank, Supply Depot  
  59  5:39  Combat Shield  
  59  5:40  SCV x2  
  58  5:46  Supply Depot  
  58  5:47  Marine x3  
  61  5:56  Marine x2  
  57  6:05  Marine x3  
  57  6:07  Siege Tank  
  57  6:09  SCV x2  
  65  6:21  SCV x2  
  63  6:33  SCV x2  
  64  6:41  Marine x4  
  64  6:42  Marine  
  64  6:45  SCV x2  
  71  6:57  SCV x2  
  73  7:09  Siege Tank  
  64  7:26  SCV x2  
  64  7:29  Medivac  
  65  7:38  SCV x2  
  64  7:45  Siege Tank  
  64  7:50  SCV x2  
  68  8:02  SCV  
  68  8:03  SCV  
  67  8:09  Starport Reactor  
  67  8:11  Medivac  
  68  8:14  Engineering Bay, Refinery  
  68  8:15  SCV x2, Refinery  
  68  8:19  Marine x5  
  76  8:27  SCV x2  
  75  8:39  SCV x2  
  64  8:54  Marine x3  
  64  8:55  SCV x2, Marine x2  
  54  9:06  Starport Reactor  
  54  9:11  SCV x2  
  54  9:12  Marine x4  
  54  9:13  Marine  
  61  9:21  Barracks  
  61  9:22  Barracks, Factory Reactor  
  60  9:32  Marauder, Marine x4  
  60  9:36  SCV x2  
  68  9:46  Medivac x2  
  68  9:48  SCV x2  
  62  10:01  SCV x2  
  62  10:03  Widow Mine x2  
  67  10:13  SCV  
Show
View Real Time Build Order
Export as new Build Order

acheron Protoss - Winner!

Build Orders: 1 Gate Expand, Blink Stalkers 

Get SALT Encoding   

  12  0:00  Probe  
  13  0:12  Probe  
  14  0:16  Pylon  
  14  0:24  Probe  
  15  0:32  Probe  
  15  0:34  Gateway  
  15  0:40  Probe  
  16  0:47  Assimilator  
  17  0:51  Probe  
  18  1:03  Probe  
  19  1:15  Probe  
  20  1:23  Cybernetics Core  
  20  1:30  Probe  
  21  1:39  Nexus  
  21  1:41  Pylon  
  21  1:43  Probe  
  22  1:52  Adept  
  22  1:53  Assimilator  
  22  1:55  Probe  
  22  1:57  Warp Gate  
  25  2:11  Probe  
  26  2:19  Stalker  
  26  2:23  Probe  
  26  2:28  Shield Battery  
  29  2:35  Probe  
  30  2:37  Twilight Council  
  30  2:47  Probe, Stalker  
  33  2:52  Probe  
  34  3:00  Probe  
  34  3:04  Probe  
  34  3:05  Blink, Gateway  
  36  3:12  Probe  
  37  3:16  Probe  
  38  3:24  Probe  
  39  3:28  Probe  
  39  3:32  Pylon  
  40  3:36  Probe  
  40  3:37  Pylon  
  40  3:40  Probe  
  42  3:44  Stalker  
  42  3:48  Probe  
  45  3:51  Gateway  
  45  3:53  Robotics Facility  
  45  3:59  Probe  
  45  4:00  Probe  
  45  4:11  Probe  
  45  4:12  Probe  
  41  4:21  Probe  
  39  4:24  Probe  
  39  4:27  Stalker  
  39  4:30  Probe  
  42  4:36  Probe  
  42  4:38  Probe, Nexus  
  44  4:40  Stalker  
  44  4:42  Observer  
  48  4:48  Probe  
  48  4:49  Assimilator  
  48  4:50  Probe  
  50  5:00  Probe  
  50  5:02  Probe  
  50  5:04  Charge  
  50  5:13  Probe  
  51  5:14  Probe  
  51  5:21  Observer  
  53  5:25  Probe  
  53  5:26  Probe  
  53  5:27  Forge  
  55  5:30  Stalker x2, Pylon  
  59  5:37  Probe  
  59  5:39  Probe  
  61  5:49  Probe  
  62  5:51  Probe  
  62  5:54  Probe  
  62  5:55  Gateway  
  64  5:58  Probe  
  64  6:00  Protoss Ground Armor Level 1  
  64  6:03  Probe x2  
  60  6:06  Probe  
  60  6:09  Gateway  
  60  6:10  Gateway  
  60  6:11  Gateway  
  62  6:15  Probe  
  63  6:20  Gateway  
  63  6:23  Zealot x2  
  63  6:24  Zealot  
  67  6:28  Immortal  
  67  6:44  Zealot x2  
  67  6:45  Zealot  
  73  6:49  Sentry  
  73  6:51  Probe  
  73  6:52  Probe x2  
  75  7:01  Pylon  
  75  7:06  Zealot x6  
  69  7:24  Zealot  
  69  7:27  Stalker x3  
  71  7:30  Pylon x3  
  69  7:56  Nexus  
  69  7:58  Warp Prism  
  69  7:59  Zealot x7  
  81  8:06  Observer  
  81  8:08  Probe  
  81  8:09  Probe  
  81  8:11  Pylon  
  83  8:16  Protoss Ground Weapons Level 1  
  83  8:20  Probe  
  84  8:28  Probe  
  84  8:31  Pylon  
  81  8:43  Zealot x4  
  81  8:44  Zealot  
  81  8:45  Templar Archives, Pylon  
  67  9:09  Zealot x8  
  83  9:11  Probe x2  
  85  9:29  Pylon  
  83  9:32  High Templar x4  
  83  9:34  High Templar, Zealot x2  
  83  9:36  High Templar  
  83  9:37  Archon x2  
  99  9:40  Pylon  
  99  9:41  Archon  
  99  9:46  Nexus  
  99  9:48  Probe x2  
  99  9:49  Probe  
  98  10:02  Sentry  
  98  10:03  Stalker  
  98  10:05  Stalker  
  104  10:08  Probe  
  104  10:10  Probe  
  104  10:11  Probe  
  99  10:15  Zealot x3, Stalker  
Tags
 
Add a new tag
Caveats
  • Supply blocks, unpowered buildings, or Contaminate may cause inaccurate times.
  • Supply counts are checked every 10 seconds.